 Dungeon Sprint DCSS version 0.15-a0-2150-g4d68560 (webtiles) character file.

10800000 frashal the Axe Maniac (level 27, -110/249 HPs)
             Began as a Mummy Monk on July 18, 2014.
             Was the Champion of Makhleb.
             Killed by dispel undead
             ... invoked by a lost soul
              (111 damage)
             ... in the Dungeon (Sprint VIII: "Arena of Blood").
             The game lasted 00:04:12 (108 turns).

frashal the Axe Maniac (Mummy Monk)                  Turns: 108, Time: 00:04:12

HP -110/249      AC  4     Str 12 (14) XL: 27
MP  38/49        EV 38     Int  9      God: Makhleb [******]
Gold 0           SH  0     Dex 23      Spells:  0 memorised, 80 levels left

rFire  . . .     SeeInvis .     b - +∞ Axe of Woe
rCold  + . .     Clarity  .     a - +0 robe
rNeg   + + +     rCorr    .     (no shield)
rPois  +         rRot     +     (no helmet)
rElec  .         Spirit   .     (no cloak)
SustAb .         Warding  .     (no gloves)
rMut   .         NoTele   +     (no boots)
Gourm  .                        (no amulet)
MR     +++..                    (no ring)
                                c - ring of protection from fire

@: extremely resistant to hostile enchantments, incredibly stealthy
A: no food or potions, fire vulnerability, strongly in touch with death, restore
body, cold resistance 1, negative energy resistance 3, poison resistance,
torment resistance, unbreathing
a: Self-Restoration, Minor Destruction, Lesser Servant of Makhleb, Major
Destruction, Greater Servant of Makhleb, Renounce Religion


You were in the Dungeon.
You worshipped Makhleb.
Makhleb was exalted by your worship.
You were not hungry.

You visited 1 branch


Innate Abilities, Weirdness & Mutations

You do not eat or drink.
Your flesh is vulnerable to fire.
You are strongly in touch with the powers of death.
You can restore your body by infusing magical energy.
Your flesh is cold resistant.
You are immune to negative energy.
Your system is resistant to poisons.
You are immune to unholy pain and torment.
You can survive without breathing.


   Skills:
 O Level 27 Fighting
 O Level 27 Axes
 O Level 27 Throwing
 O Level 27 Armour
 O Level 27 Dodging
 O Level 27 Stealth
 O Level 27 Unarmed Combat
 O Level 27 Spellcasting
 O Level 27 Invocations


You had 80 spell levels left.
You didn't know any spells.

Dungeon Overview and Level Annotations

Branches:
Dungeon (1/1)

Altars:
Makhleb

Inventory:

Hand weapons
 b - the +∞ Axe of Woe (weapon)
   (You found it in the Dungeon)
Armour
 a - a +0 robe (worn)
Jewellery
 c - a ring of protection from fire (left hand)
 d - a +30 ring of slaying

))#.#.#...........
)x$#.#.....#...S....#
.).)................#.
.##))))...##.#M........
..##).)..)))..........
.....)####.)..#.....###
###..))).))%..........#.
####..)).))............
####.).)...@....W..#
#################


You could see an accursed, a scourge and a dread.


Message History

You hear a shout! x7
The bag of meat hits you with a +9 war axe!
You slice the bag of meat!! You chop the bag of meat into pieces.
You kill the bag of meat!
Makhleb accepts your kill.
You feel a little better.
You slice the bag of meat!!
You slaughter the bag of meat joyfully.
You kill the bag of meat!
Makhleb accepts your kill.
You feel a little better.
You hear a shout! x6
You slash the bag of meat!
You slaughter the bag of meat joyfully.
You kill the bag of meat!
Makhleb accepts your kill.
You slice the bag of meat!!
You hew the bag of meat savagely.
You kill the bag of meat!
Makhleb accepts your kill.
You hit the bag of meat.
You fatally mangle the bag of meat.
You kill the bag of meat!
Makhleb accepts your kill.
You hear a shout! x3
You slice the bag of meat!!
You hew the bag of meat savagely.
You kill the bag of meat!
Makhleb accepts your kill.
You hear a shout! x2
Unknown command.
You hear a shout! x3
Deactivating autopickup; reactivate with Ctrl-A.
You convulse!
You hear a shout! x5
Things that are here:
a +9 war axe; a +30 ring of slaying You hear a shout! x8
An accursed comes into view.
You hear a shout! x4
You convulse!
* * * LOW HITPOINT WARNING * * *
You hear a shout!
The scourge appears out of thin air!
A scourge comes into view.
A dread comes into view.
The scourge hisses angrily.
You hear a shout!
You hear a shout!
You hear a shout! x9
You hit the scourge but do no damage.
You slaughter the scourge joyfully.
You kill the scourge!
Makhleb accepts your kill.
You feel a little better.
You hear a shout!
The accursed points at you and mumbles some strange words.
Something smites you!
You convulse!
* * * LOW HITPOINT WARNING * * *
The dread throws hellfire at you.
The hellfire explodes!
The burst of hellfire engulfs you!
* * * LOW HITPOINT WARNING * * *
Unknown command.
A bag of meat comes into view. It is wielding a +9 war axe.
You hear a shout! x7
You convulse!
* * * LOW HITPOINT WARNING * * *
You hear a shout! x4
The bag of meat moves out of view.
You hear a shout! x4
A scourge comes into view.
You see here an uncursed ring of see invisible.
Unknown command.
You swing at nothing.
You hear a shout! x5
You convulse!
You die...

Action                   |  1- 3 |  4- 6 |  7- 9 | 10-12 | 13-15 | 16-18 | 19-21 | 22-24 | 25-27 || total
-------------------------+-------+-------+-------+-------+-------+-------+-------+-------+-------++-------
Melee: Executioner's axe |     1 |       |       |     2 |     5 |     4 |     6 |    11 |    19 ||    48
  Use: Scroll            |       |       |       |       |       |     1 |       |       |       ||     1

Vault maps used:
D:        meatsprint

Notes
Turn   | Place    | Note
--------------------------------------------------------------
     0 | D        | frashal, the Mummy Monk, began the quest for the Orb.
     0 | D        | Reached XP level 1. HP: 18/18 MP: 1/1
     3 | D        | Noticed a bag of meat
     3 | D        | Noticed a bag of meat
     3 | D        | Noticed a bag of meat
     4 | D        | Noticed a bag of meat
     4 | D        | Became a worshipper of Makhleb the Destroyer
     4 | D        | Acquired Makhleb's first power
     4 | D        | Acquired Makhleb's second power
     5 | D        | Noticed a bag of meat
     5 | D        | Killed a bag of meat
     5 | D        | Reached skill level 21 in Axes
     5 | D        | Reached XP level 2. HP: 24/24 MP: 2/2
     5 | D        | Reached XP level 3. HP: 29/29 MP: 3/3
     5 | D        | Reached XP level 4. HP: 35/35 MP: 4/4
     5 | D        | Reached XP level 5. HP: 41/41 MP: 5/5
     5 | D        | Reached XP level 6. HP: 47/47 MP: 6/6
     5 | D        | Reached XP level 7. HP: 52/52 MP: 7/7
     5 | D        | Reached XP level 8. HP: 58/58 MP: 8/8
     5 | D        | Reached XP level 9. HP: 63/63 MP: 9/9
     5 | D        | Reached XP level 10. HP: 70/70 MP: 10/10
     5 | D        | Reached XP level 11. HP: 75/75 MP: 11/11
     6 | D        | Noticed a bag of meat
     6 | D        | Noticed a meat berserker
     7 | D        | Noticed a bag of meat
     8 | D        | Noticed a bag of meat
     8 | D        | Killed a bag of meat
     8 | D        | Reached skill level 24 in Axes
     8 | D        | Reached XP level 12. HP: 81/81 MP: 12/12
     9 | D        | Noticed a bag of meat
     9 | D        | Noticed a bag of meat
     9 | D        | Killed a bag of meat
     9 | D        | Reached skill level 26 in Axes
     9 | D        | Reached XP level 13. HP: 86/86 MP: 13/13
    10 | D        | Noticed a bag of meat
    10 | D        | Noticed a meat berserker
    10 | D        | Killed a bag of meat
    10 | D        | Acquired Makhleb's third power
    10 | D        | Reached skill level 27 in Axes
    10 | D        | Reached skill level 5 in Fighting
    10 | D        | Reached skill level 4 in Dodging
    10 | D        | Reached skill level 2 in Stealth
    10 | D        | Reached skill level 7 in Unarmed Combat
    11 | D        | Noticed a bag of meat
    11 | D        | Noticed a meat berserker
    12 | D        | Killed a bag of meat
    12 | D        | Reached skill level 8 in Fighting
    12 | D        | Reached skill level 7 in Dodging
    12 | D        | Reached skill level 3 in Stealth
    12 | D        | Reached skill level 11 in Unarmed Combat
    12 | D        | Reached XP level 14. HP: 91/106 MP: 14/14
    13 | D        | Noticed a large bag of meat
    13 | D        | Killed a meat berserker
    13 | D        | Reached skill level 10 in Fighting
    13 | D        | Reached skill level 9 in Dodging
    13 | D        | Reached skill level 4 in Stealth
    13 | D        | Reached skill level 13 in Unarmed Combat
    15 | D        | Noticed a bag of meat
    15 | D        | Noticed a bag of meat
    15 | D        | Noticed a meat berserker
    15 | D        | Noticed a bag of meat
    15 | D        | Noticed a bag of meat
    16 | D        | Noticed a meat berserker
    16 | D        | Noticed a bag of meat
    16 | D        | Killed a bag of meat
    16 | D        | Acquired Makhleb's fourth power
    16 | D        | Reached skill level 13 in Fighting
    16 | D        | Reached skill level 11 in Dodging
    16 | D        | Reached XP level 15. HP: 116/125 MP: 15/15
    16 | D        | Killed a bag of meat
    16 | D        | Reached skill level 16 in Fighting
    16 | D        | Reached skill level 13 in Dodging
    16 | D        | Killed a meat berserker
    16 | D        | Reached skill level 18 in Fighting
    16 | D        | Reached skill level 15 in Dodging
    17 | D        | Noticed a bag of meat
    17 | D        | Noticed a bag of meat
    17 | D        | Noticed a bag of meat
    18 | D        | Noticed a meat berserker
    18 | D        | Noticed a bag of meat
    19 | D        | Noticed a bag of meat
    19 | D        | Killed a bag of meat
    19 | D        | Reached skill level 19 in Fighting
    19 | D        | Reached skill level 17 in Dodging
    19 | D        | Killed a meat berserker
    19 | D        | Acquired Makhleb's fifth power
    19 | D        | Reached skill level 21 in Fighting
    19 | D        | Reached skill level 18 in Dodging
    19 | D        | Reached XP level 16. HP: 143/152 MP: 16/16
    20 | D        | Killed a meat berserker
    20 | D        | Reached skill level 22 in Fighting
    20 | D        | Reached skill level 19 in Dodging
    20 | D        | Killed a meat berserker
    20 | D        | Reached skill level 23 in Fighting
    20 | D        | Reached skill level 20 in Dodging
    20 | D        | Killed a bag of meat
    20 | D        | Reached skill level 24 in Fighting
    20 | D        | Reached skill level 21 in Dodging
    21 | D        | Noticed a bag of meat
    21 | D        | Noticed a large bag of meat
    21 | D        | Killed a bag of meat
    21 | D        | Reached skill level 25 in Fighting
    21 | D        | Reached skill level 22 in Dodging
    21 | D        | Reached XP level 17. HP: 163/171 MP: 17/17
    21 | D        | Killed a bag of meat
    21 | D        | Reached skill level 26 in Fighting
    21 | D        | Reached skill level 23 in Dodging
    21 | D        | Killed a bag of meat
    21 | D        | Reached skill level 27 in Fighting
    21 | D        | Reached skill level 24 in Dodging
    22 | D        | Noticed a bag of meat
    23 | D        | Noticed a meat berserker
    23 | D        | Noticed a bag of meat
    23 | D        | Noticed a bag of meat
    23 | D        | Noticed a bag of meat
    23 | D        | Noticed a bag of meat
    23 | D        | Noticed a bag of meat
    23 | D        | Noticed a bag of meat
    23 | D        | Noticed a bag of meat
    23 | D        | Noticed a bag of meat
    23 | D        | Noticed a bag of meat
    23 | D        | Noticed a meat berserker
    23 | D        | Noticed a bag of meat
    23 | D        | Noticed a bag of meat
    23 | D        | Noticed a bag of meat
    23 | D        | Noticed a bag of meat
    23 | D        | Noticed a destroyer
    23 | D        | Noticed a bag of meat
    23 | D        | Noticed a bag of meat
    23 | D        | Noticed a bag of meat
    23 | D        | Noticed a bag of meat
    23 | D        | Noticed a meat berserker
    23 | D        | Noticed a bag of meat
    24 | D        | Noticed a bag of meat
    24 | D        | Noticed a bag of meat
    24 | D        | Noticed a bag of meat
    24 | D        | Noticed a meat berserker
    24 | D        | Noticed a bag of meat
    24 | D        | Noticed a bag of meat
    24 | D        | Noticed a bag of meat
    24 | D        | Noticed a large bag of meat
    25 | D        | Noticed a bag of meat
    25 | D        | Noticed a destroyer
    25 | D        | Noticed a bag of meat
    26 | D        | Noticed a bag of meat
    26 | D        | Noticed a destroyer
    26 | D        | Killed a bag of meat
    26 | D        | Reached skill level 25 in Dodging
    26 | D        | Killed a meat berserker
    26 | D        | Reached skill level 27 in Dodging
    26 | D        | Reached skill level 7 in Stealth
    26 | D        | Killed a bag of meat
    26 | D        | Reached skill level 13 in Stealth
    26 | D        | Reached XP level 18. HP: 182/182 MP: 18/18
    26 | D        | Killed a bag of meat
    26 | D        | Reached skill level 17 in Stealth
    26 | D        | Killed a bag of meat
    26 | D        | Reached skill level 20 in Stealth
    26 | D        | Killed a bag of meat
    26 | D        | Reached skill level 22 in Stealth
    28 | D        | Killed a destroyer
    28 | D        | Reached skill level 24 in Stealth
    28 | D        | Killed a meat berserker
    28 | D        | Reached skill level 26 in Stealth
    28 | D        | Killed a bag of meat
    28 | D        | Reached skill level 27 in Stealth
    28 | D        | Reached skill level 15 in Unarmed Combat
    28 | D        | Reached XP level 19. HP: 189/189 MP: 18/18
    28 | D        | Killed a bag of meat
    28 | D        | Reached skill level 17 in Unarmed Combat
    28 | D        | Killed a bag of meat
    28 | D        | Reached skill level 20 in Unarmed Combat
    28 | D        | Killed a bag of meat
    28 | D        | Reached skill level 22 in Unarmed Combat
    29 | D        | Noticed a bag of meat
    30 | D        | Noticed an eight-headed meat hydra
    30 | D        | Noticed a bag of meat
    30 | D        | Killed a bag of meat
    30 | D        | Reached skill level 23 in Unarmed Combat
    30 | D        | Killed a bag of meat
    30 | D        | Reached skill level 25 in Unarmed Combat
    30 | D        | Killed a bag of meat
    30 | D        | Reached skill level 26 in Unarmed Combat
    30 | D        | Reached XP level 20. HP: 197/197 MP: 19/19
    30 | D        | Killed a bag of meat
    30 | D        | Reached skill level 27 in Unarmed Combat
    32 | D        | Killed a bag of meat
    32 | D        | Reached skill level 5 in Throwing
    32 | D        | Reached skill level 5 in Armour
    32 | D        | Reached skill level 6 in Spellcasting
    32 | D        | Reached skill level 6 in Invocations
    32 | D        | Killed a bag of meat
    32 | D        | Reached skill level 7 in Throwing
    32 | D        | Reached skill level 8 in Armour
    32 | D        | Reached skill level 8 in Spellcasting
    32 | D        | Reached skill level 8 in Invocations
    32 | D        | Killed a bag of meat
    32 | D        | Reached skill level 9 in Throwing
    32 | D        | Reached skill level 9 in Armour
    32 | D        | Reached skill level 10 in Spellcasting
    32 | D        | Reached skill level 10 in Invocations
    32 | D        | Killed a meat berserker
    32 | D        | Reached skill level 11 in Throwing
    32 | D        | Reached skill level 11 in Armour
    32 | D        | Reached skill level 12 in Spellcasting
    32 | D        | Reached skill level 12 in Invocations
    33 | D        | Killed a bag of meat
    33 | D        | Reached skill level 12 in Throwing
    33 | D        | Reached skill level 12 in Armour
    33 | D        | Reached skill level 13 in Spellcasting
    33 | D        | Reached skill level 13 in Invocations
    33 | D        | Killed a bag of meat
    33 | D        | Reached skill level 13 in Throwing
    33 | D        | Reached skill level 13 in Armour
    33 | D        | Reached skill level 14 in Spellcasting
    33 | D        | Reached skill level 14 in Invocations
    33 | D        | Reached XP level 21. HP: 204/204 MP: 19/40
    33 | D        | Killed a bag of meat
    33 | D        | Reached skill level 14 in Throwing
    33 | D        | Reached skill level 14 in Armour
    33 | D        | Reached skill level 15 in Spellcasting
    33 | D        | Reached skill level 15 in Invocations
    33 | D        | Killed a bag of meat
    33 | D        | Reached skill level 15 in Throwing
    33 | D        | Reached skill level 15 in Armour
    33 | D        | Reached skill level 16 in Spellcasting
    33 | D        | Reached skill level 16 in Invocations
    34 | D        | Killed a bag of meat
    34 | D        | Reached skill level 17 in Spellcasting
    34 | D        | Reached skill level 17 in Invocations
    34 | D        | Killed a meat berserker
    34 | D        | Reached skill level 16 in Throwing
    34 | D        | Reached skill level 16 in Armour
    34 | D        | Killed a meat berserker
    34 | D        | Reached skill level 17 in Throwing
    34 | D        | Reached skill level 17 in Armour
    34 | D        | Reached skill level 18 in Spellcasting
    34 | D        | Reached skill level 18 in Invocations
    35 | D        | Killed a bag of meat
    35 | D        | Reached skill level 18 in Armour
    35 | D        | Reached skill level 19 in Spellcasting
    35 | D        | Reached skill level 19 in Invocations
    35 | D        | Killed a bag of meat
    35 | D        | Reached skill level 18 in Throwing
    37 | D        | Killed a bag of meat
    37 | D        | Reached skill level 19 in Throwing
    37 | D        | Reached skill level 19 in Armour
    37 | D        | Reached skill level 20 in Spellcasting
    37 | D        | Reached skill level 20 in Invocations
    37 | D        | Killed a large bag of meat
    37 | D        | Reached skill level 21 in Spellcasting
    37 | D        | Reached skill level 21 in Invocations
    37 | D        | Reached XP level 22. HP: 212/212 MP: 20/44
    37 | D        | Killed a bag of meat
    37 | D        | Reached skill level 20 in Throwing
    37 | D        | Reached skill level 20 in Armour
    37 | D        | Killed an eight-headed meat hydra
    37 | D        | Reached skill level 22 in Spellcasting
    37 | D        | Reached skill level 22 in Invocations
    39 | D        | Noticed a bag of meat
    39 | D        | Killed a bag of meat
    39 | D        | Reached skill level 21 in Throwing
    39 | D        | Reached skill level 21 in Armour
    39 | D        | Killed a bag of meat
    39 | D        | Reached skill level 23 in Spellcasting
    39 | D        | Reached skill level 23 in Invocations
    39 | D        | Killed a bag of meat
    41 | D        | Killed a destroyer
    41 | D        | Reached skill level 22 in Throwing
    41 | D        | Reached skill level 22 in Armour
    41 | D        | Killed a large bag of meat
    41 | D        | Reached skill level 24 in Spellcasting
    41 | D        | Reached skill level 24 in Invocations
    41 | D        | Killed a bag of meat
    41 | D        | Reached skill level 23 in Throwing
    41 | D        | Reached skill level 23 in Armour
    42 | D        | Noticed a bag of meat
    42 | D        | Killed a bag of meat
    42 | D        | Reached skill level 25 in Spellcasting
    42 | D        | Reached skill level 25 in Invocations
    42 | D        | Reached XP level 23. HP: 219/219 MP: 21/47
    42 | D        | Killed a bag of meat
    43 | D        | Noticed a bag of meat
    43 | D        | Killed a destroyer
    43 | D        | Reached skill level 24 in Throwing
    43 | D        | Reached skill level 24 in Armour
    43 | D        | Killed a bag of meat
    43 | D        | Reached skill level 26 in Spellcasting
    43 | D        | Reached skill level 26 in Invocations
    44 | D        | Killed a bag of meat
    45 | D        | Killed a bag of meat
    45 | D        | Reached skill level 25 in Throwing
    45 | D        | Reached skill level 25 in Armour
    46 | D        | Noticed a bag of meat
    49 | D        | Noticed a destroyer
    49 | D        | Noticed a sculptor of flesh
    50 | D        | Noticed an accursed
    51 | D        | Noticed a meat berserker
    51 | D        | Noticed a bag of meat
    51 | D        | Noticed a bag of meat
    52 | D        | Noticed a destroyer
    52 | D        | Noticed a meat berserker
    52 | D        | Noticed a meat berserker
    53 | D        | Noticed a bag of meat
    53 | D        | Noticed an accursed
    54 | D        | Noticed a bag of meat
    54 | D        | Killed a meat berserker
    54 | D        | Reached skill level 27 in Spellcasting
    54 | D        | Reached skill level 27 in Invocations
    54 | D        | Killed a bag of meat
    54 | D        | Reached skill level 26 in Throwing
    54 | D        | Reached skill level 26 in Armour
    55 | D        | Noticed a bag of meat
    56 | D        | Noticed an accursed
    56 | D        | Noticed a meat berserker
    56 | D        | Killed a meat berserker
    56 | D        | Reached skill level 27 in Throwing
    56 | D        | Reached skill level 27 in Armour
    57 | D        | Noticed a sculptor of flesh
    58 | D        | Noticed a sculptor of flesh
    58 | D        | Noticed a large bag of meat
    58 | D        | Noticed a bag of meat
    58 | D        | Noticed a meat berserker
    58 | D        | Killed a bag of meat
    58 | D        | Killed a destroyer
    58 | D        | Killed a bag of meat
    58 | D        | Reached XP level 24. HP: 227/227 MP: 25/48
    58 | D        | Killed a bag of meat
    59 | D        | Noticed a bag of meat
    59 | D        | Killed a meat berserker
    59 | D        | Killed a bag of meat
    59 | D        | Killed a destroyer
    61 | D        | Noticed a meat berserker
    61 | D        | Killed a bag of meat
    61 | D        | Killed a sculptor of flesh
    61 | D        | Killed a sculptor of flesh
    62 | D        | Killed a meat berserker
    63 | D        | Noticed The Servant
    63 | D        | Noticed a sculptor of flesh
    63 | D        | Noticed a large bag of meat
    64 | D        | Noticed a dread
    64 | D        | Noticed a dread
    64 | D        | Noticed a meat berserker
    64 | D        | Noticed an accursed
    64 | D        | Noticed a bag of meat
    65 | D        | Killed a meat berserker
    65 | D        | Killed a large bag of meat
    65 | D        | Reached XP level 25. HP: 234/234 MP: 27/49
    65 | D        | Killed a bag of meat
    67 | D        | Killed a meat berserker
    67 | D        | Killed a bag of meat
    67 | D        | Killed a large bag of meat
    67 | D        | Killed a bag of meat
    68 | D        | Noticed a meat berserker
    68 | D        | Killed a meat berserker
    70 | D        | Noticed a meat berserker
    70 | D        | Noticed a meat berserker
    70 | D        | Killed a bag of meat
    71 | D        | Noticed a bag of meat
    71 | D        | Killed a bag of meat
    71 | D        | Killed a bag of meat
    71 | D        | HP: 39/234 [dread/burst of hellfire (23)]
    73 | D        | Killed a bag of meat
    74 | D        | Killed a meat berserker
    76 | D        | Killed a meat berserker
    76 | D        | Reached XP level 26. HP: 194/242 MP: 29/49
    77 | D        | HP: 56/242 [accursed/divine providence (10)]
    78 | D        | Killed a bag of meat
    79 | D        | Noticed a meat berserker
    79 | D        | Noticed a meat beast
    79 | D        | Noticed a meat berserker
    79 | D        | Noticed a bag of meat
    80 | D        | Noticed a meat beast
    80 | D        | Killed an accursed
    81 | D        | Noticed a bag of meat
    81 | D        | Noticed a meat beast
    81 | D        | Noticed a bag of meat
    81 | D        | Noticed a bag of meat
    81 | D        | Noticed a bag of meat
    82 | D        | Noticed a dread
    82 | D        | Noticed an eight-headed meat hydra
    82 | D        | Noticed a bag of meat
    82 | D        | Killed a meat berserker
    83 | D        | Noticed a destroyer
    83 | D        | Noticed a bag of meat
    83 | D        | Killed a meat berserker
    83 | D        | Killed a meat berserker
    83 | D        | Killed a meat beast
    84 | D        | Noticed a bag of meat
    84 | D        | Noticed a meat beast
    84 | D        | Killed a bag of meat
    84 | D        | Killed a meat beast
    84 | D        | Killed a bag of meat
    84 | D        | HP: 44/242 [The Servant/+9 glaive of flaming (52)]
    85 | D        | Noticed a bag of meat
    85 | D        | Killed a meat beast
    85 | D        | Killed a sculptor of flesh
    86 | D        | Noticed a bag of meat
    86 | D        | Killed an accursed
    86 | D        | Killed a destroyer
    86 | D        | Reached XP level 27. HP: 249/249 MP: 32/49
    86 | D        | Killed a dread
    87 | D        | Noticed a bag of meat
    87 | D        | Killed an accursed
    87 | D        | Killed a bag of meat
    88 | D        | Killed a sculptor of flesh
    88 | D        | Killed a meat beast
    89 | D        | Noticed a bag of meat
    89 | D        | Killed a bag of meat
    89 | D        | Killed a dread
    90 | D        | Killed a bag of meat
    91 | D        | Killed a bag of meat
    91 | D        | Killed a nine-headed meat hydra
    91 | D        | Killed a bag of meat
    91 | D        | Killed a dread
    93 | D        | Killed a bag of meat
    93 | D        | Killed The Servant
    95 | D        | Noticed a bag of meat
    95 | D        | Killed a bag of meat
    95 | D        | Killed an accursed
    99 | D        | Killed a bag of meat
    99 | D        | Killed a bag of meat
   100 | D        | Killed a bag of meat
   100 | D        | Killed a bag of meat
   100 | D        | Killed a bag of meat
   101 | D        | Killed a bag of meat
   104 | D        | Noticed an accursed
   105 | D        | Noticed a dread
   106 | D        | HP: 50/249 [dread/burst of hellfire (21)]
   107 | D        | Noticed a bag of meat
   107 | D        | HP: 1/249 [something/dispel undead (50)]
   108 | D        | Killed from afar by a lost soul

Vanquished Creatures
  Harold (D)
  4 greater mummies (D)
  4 hell beasts (D)
  4 hill giants (D)
  2 hydras (D)
  22 ogres (D)
  75 orcs (D)
  4 skeletal warriors (D)
  6 vampire knights (D)
  3 wraiths (D)
  A sea snake (D)
  4 small abominations (D)
  A soul eater (D)
  5 crawling corpses (D)
136 creatures vanquished.

Vanquished Creatures (others)
  10 crawling corpses (D)
10 creatures vanquished.

Grand Total: 146 creatures vanquished
